 Dungeon Crawl Stone Soup version 0.31-a0-1278-g11c5b68f87 (webtiles) character file.

Game seed: 3960407955675557829

252552 MackTheKnife the Bludgeoner (level 18, -18/153 HPs)
             Began as an Armataur Venom Mage on Dec 16, 2023.
             Was a High Priest of Ashenzari.
             Demolished by a dire elephant (31 damage)
             ... on level 1 of the Vaults on Dec 17, 2023.
             The game lasted 01:37:30 (41215 turns).

MackTheKnife the Bludgeoner (Armataur Venom Mage)  Turns: 41215, Time: 01:37:31

Health: -18/153    AC:  9    Str: 18    XL:     18   Next: 39%
Magic:  32/32      EV: 11    Int: 17    God:    Ashenzari [*****.]
Gold:   512        SH: 17    Dex: 19    Spells: 22/37 levels left

rFire   + . .        K - +10 morningstar "Eos" {elec, Halo rElec, mace, Self, Bglg} (curse)
rCold   + . .        P - +2 kite shield of the Elysian Relativism {Melee, Cun} (curse)
rNeg    . . .        D - +1 leather armour "Tethered With Me" {rPois, Elem, Range} (curse)
rPois   +            T - +0 hat "Malaise of Ashenzari" {^Drain Will++, Elem, Cun} (curse)
rElec   +            I - scarf of the Eternal Jealousy {rC+ rF+, Self, Elem} (curse)
rCorr   .            A - +0 pair of gloves "Share My Secrets" {Cun, Comp} (curse)
SInv    +            Z - +2 barding
Will    +++..        M - amulet "Shattered Vision" {Acrobat, Elem, Bglg} (curse)
Stlth   ++           x - ring of Supernal Knowledge {Dex+6, Fort, Dev} (curse)
HPRegen 0.45/turn    B - ring of the Enlightened Doubts {AC+4, Cun, Elem} (curse)
MPRegen 0.23/turn

%: acrobat, clarity, roll
@: corroded, glowing
A: large, deformed body, tough skin 3, armoured tail, roll 2, long tongue, thin
skeletal structure 1, dopey 1
}: 2/15 runes: decaying, serpentine
a: Renounce Religion, Shatter the Chains


You were on level 1 of the Vaults.
You worshipped Ashenzari.
Ashenzari was extremely pleased with you.
You visited 7 branches of the dungeon, and saw 33 of its levels.
You also visited: Bailey and Ice Cave.

You collected 2412 gold pieces.
You spent 1900 gold pieces at shops.


Innate Abilities, Weirdness & Mutations

Armour fits poorly on your strangely shaped body.
You have extremely tough skin. (AC +3)
You have a long armoured tail.
You regenerate magic and health when rolling toward enemies. (Rampage Regen)
Your long tongue fully drains potion bottles. (2x potion effects)
You have a somewhat thin skeletal structure. (Dex +2, Stealth+)
You are dopey. (Int -2)


   Skills:
 + Level 13.3(16.4) Fighting
 - Level 18.0(19.9) Maces & Flails
 - Level 12.0(14.0) Armour
 - Level 3.4(7.6) Dodging
 - Level 4.0(8.4) Stealth
 - Level 14.0(16.0) Shields
 - Level 7.1(10.3) Spellcasting
 - Level 5.5(8.6) Conjurations
 - Level 0.8 Transmutations
 - Level 4.8(10.2) Ice Magic
 - Level 5.6(11.1) Air Magic
 - Level 8.0 Poison Magic
 - Level 6.5(8.7) Evocations


You had 22 spell levels left.
You knew the following spells:

 Your Spells              Type           Power      Damage    Failure   Level
a - Sting                 Tmut/Pois      92%        1d7       2%          1
b - Poisonous Vapours     Pois/Air       82%        N/A       1%          2
c - Olgreb's Toxic Radia  Pois           35%        N/A       5%          4
d - Mephitic Cloud        Conj/Pois/Air  40%        N/A       1%          3
e - Freezing Cloud        Conj/Ice/Air   21%        6-21      7%          5

Your spell library contained the following spells:

 Spells                   Type           Power      Damage    Failure   Level
 Magic Dart               Conj           100%       1d8       1%          1
 Ozocubu's Armour         Ice            43%        N/A       1%          3
 Swiftness                Air            46%        N/A       1%          3
 Ensorcelled Hibernation  Hex/Ice        52%        N/A       2%          2
 Momentum Strike          Conj/Tloc      48%        3d9       3%          2
 Passwall                 Tmut/Erth      9%         N/A       16%         2
 Scorch                   Fire           22%        2d5       16%         2
 Blink                    Tloc           20%        N/A       19%         2
 Lesser Beckoning         Tloc           20%        N/A       19%         2
 Call Imp                 Summ           18%        N/A       21%         2
 Flame Wave               Conj/Fire      25%        2d8       21%         4
 Gell's Gravitas          Tloc           10%        N/A       36%         3
 Teleport Other           Tloc           10%        N/A       36%         3
 Ozocubu's Refrigeration  Ice            21%        4d12      88%         7
 Summon Forest            Summ/Tloc      4%         N/A       98%         5
 Eringya's Noxious Bog    Tmut/Pois      11%        4d6       98%         6
 Dispersal                Tloc           5%         N/A       100%        6
 Summon Cactus Giant      Summ           4%         N/A       100%        6
 Summon Hydra             Summ           4%         N/A       100%        7

Inventory:

Hand Weapons
 K - the cursed +10 morningstar "Eos" (weapon) {elec, Halo rElec, mace, Self, Bglg}
   (You bought it in a shop on level 2 of the Orcish Mines)

   Halo:      It grants its wielder a halo, revealing invisible creatures and
   increasing accuracy against all within it other than the wielder.
   rElec:     It insulates you from electricity.
   It has a curse which improves the following skills: Introspection: Fighting
   and Spellcasting.
   Beguiling: Conjurations, Hexes and Translocations.
Missiles
 r - a throwing net {=f!fthrowing}
 v - 7 curare-tipped darts (quivered) {=fthrowing}
Armour
 l - +0 pearl dragon scales {rare=g}
   (You found it on level 12 of the Dungeon)
 A - the cursed +0 pair of gloves "Share My Secrets" (worn) {Cun, Comp}
   (You found it on level 1 of the Lair of Beasts)

   It has a curse which improves the following skills: Cunning: Dodging and
   Stealth.
   Companions: Summonings and Necromancy.
 D - the cursed +1 leather armour "Tethered With Me" (worn) {rPois, Elem, Range}
   (You found it on level 12 of the Dungeon)

   It has a curse which improves the following skills: Elements: Fire Magic, Ice
   Magic, Air Magic and Earth Magic.
   Ranged Combat: Ranged Weapons and Throwing.
 I - the cursed scarf of the Eternal Jealousy (worn) {rC+ rF+, Self, Elem}
   (You found it on level 3 of the Lair of Beasts)

   It has a curse which improves the following skills: Introspection: Fighting
   and Spellcasting.
   Elements:  Fire Magic, Ice Magic, Air Magic and Earth Magic.
 O - a +0 kite shield of reflection
   (You took it off a naga warrior on level 4 of the Snake Pit)
 P - the cursed +2 kite shield of the Elysian Relativism (worn) {Melee, Cun}
   (You found it on level 5 of the Lair of Beasts)

   It has a curse which improves the following skills: Melee Combat: Short
   Blades, Long Blades, Axes, Maces & Flails, Polearms, Staves and Unarmed
   Combat.
   Cunning:   Dodging and Stealth.
 R - quicksilver dragon scales {rare}
   (You found it on level 4 of the Snake Pit)
 T - the cursed +0 hat "Malaise of Ashenzari" (worn) {^Drain Will++, Elem, Cun}
   (You found it on level 11 of the Dungeon)

   Will++:    It greatly increases your willpower.
   ^Drain:    It drains your maximum health when unequipped.
   It has a curse which improves the following skills: Elements: Fire Magic, Ice
   Magic, Air Magic and Earth Magic.
   Cunning:   Dodging and Stealth.
 Y - a +0 buckler
   (You took it off a tengu conjurer on level 13 of the Dungeon)
 Z - a +2 barding (worn)
   (You took it off Nessos on level 14 of the Dungeon)
Jewellery
 o - the amulet "Xuluirchu" {Reflect *Slow +Inv rF+++ MP-9 SH+5}
   (You found it on level 5 of the Dungeon)

   [amulet of reflection]

   Reflect:   It reflects blocked missile attacks.
   rF+++:     It renders you almost immune to fire.
   MP-9:      It affects your magic capacity (-9).
   +Inv:      It lets you turn invisible.
   *Slow:     It may slow you when you take damage.
   SH+5:      It affects your SH (+5).
 q - a ring of protection from fire
   (You found it on level 15 of the Dungeon)
 s - a ring of poison resistance
   (You bought it in a shop on level 2 of the Orcish Mines)
 x - the cursed ring of Supernal Knowledge (left hand) {Dex+6, Fort, Dev}
   (You took it off a human on level 15 of the Dungeon)

   [ring of dexterity]

   Dex+6:     It affects your dexterity (+6).
   It has a curse which improves the following skills: Fortitude: Armour and
   Shields.
   Devices:   Evocations and Shapeshifting.
 B - the cursed ring of the Enlightened Doubts (right hand) {AC+4, Cun, Elem}
   (You found it on level 7 of the Dungeon)

   [ring of protection]

   AC+4:      It affects your AC (+4).
   It has a curse which improves the following skills: Cunning: Dodging and
   Stealth.
   Elements:  Fire Magic, Ice Magic, Air Magic and Earth Magic.
 M - the cursed amulet "Shattered Vision" (around neck) {Acrobat, Elem, Bglg}
   (You found it on level 4 of the Lair of Beasts)

   [amulet of the acrobat]

   Acrobat:   It increases your evasion while moving and waiting.
   It has a curse which improves the following skills: Elements: Fire Magic, Ice
   Magic, Air Magic and Earth Magic.
   Beguiling: Conjurations, Hexes and Translocations.
Wands
 a - a wand of charming (15)
   (You took it off Harold on level 10 of the Dungeon)
 m - a wand of polymorph (10)
   (You took it off Eustachio on level 5 of the Dungeon)
 u - a wand of digging (12)
   (You found it on level 6 of the Dungeon)
 H - a wand of roots (8)
   (You found it on level 2 of the Lair of Beasts)
 Q - a wand of mindburst (8)
   (You took it off a centaur on level 11 of the Dungeon)
 S - a wand of flame (27)
   (You took it off an orc on level 11 of the Dungeon)
 W - a wand of quicksilver (8)
   (You took it off Urug on level 13 of the Dungeon)
Scrolls
 c - 3 scrolls of vulnerability {!r!r}
 e - 9 scrolls of fog
 f - 2 scrolls of enchant armour
 g - 7 scrolls of amnesia
 i - a scroll of summoning
 j - a scroll of silence {!r}
 k - 2 scrolls of enchant weapon
 n - 10 scrolls of teleportation {@r4}
 p - a scroll of revelation
 w - 6 scrolls of poison {!r}
 z - 2 scrolls of fear
 L - 4 scrolls of blinking {!r}
 U - a scroll of brand weapon
Potions
 b - a potion of magic
 d - 3 potions of curing {@q1}
 h - 3 potions of brilliance
 t - 5 potions of enlightenment
 C - 2 potions of mutation {!q}
 E - 3 potions of heal wounds {@q2}
 F - a potion of invisibility
 G - 3 potions of haste {@q3}
 J - 3 potions of resistance
 N - 3 potions of might
 X - a potion of cancellation
Miscellaneous
 y - a tin of tremorstones (2/2) {throwing}
   (You found it in a bailey)
 V - a phial of floods
   (You found it on level 13 of the Dungeon)

Dungeon Overview and Level Annotations

Branches:
Dungeon (15/15) Zot: 25787  Temple (1/1) D:7 Zot: 5967    Lair (5/5) D:8 Zot: 21841
  Swamp (4/4) Lair:3 Zot: 21762   Snake (4/4) Lair:3 Zot: 22251   Slime (0/5) Lair:5
    Orc (2/2) D:12 Zot: 9339     Elf (0/3) Orc:2        Vaults (2/5) D:14 Zot: 10727
 Depths (0/4) D:15         Bailey (visited)           IceCv (visited)
  Crypt: Vaults:2-3

Altars:
Ashenzari
Cheibriados
Dithmenos
Elyvilon
Fedhas
Gozag
Hepliaklqana
Kikubaaqudgha
Makhleb
Nemelex Xobeh
Okawaru
Qazlal
Ru
Sif Muna
Trog
Uskayaw
Vehumet
Wu Jian
Xom
Yredelemnul
Zin
The Shining One
Jiyva

Shops:
D:2 !   Orc:2 *[?!**(   Snake:3 ?   Snake:4 ?   Vaults:1 !*

Annotations:
D:2 exclusion: adder
D:5 1 runed translucent door, Crazy Yiuf, Grinder
D:7 exclusions: water moccasin and 2 wights, Joseph
D:8 exclusions: upstairs and wyvern, Erica
D:11 3 runed translucent doors, bumbalina's ghost, journeyman OpSh
D:14 1 runed translucent door, MirrMurr's ghost, journeyman SpHu
Lair:2 2 transporters
Lair:3 exclusion: downstairs
Lair:4 exclusion: oklob plant
Snake:4 2 transporters, Vuarud's ghost, journeyman FeSu

# ##...## #.... # ##.....## #....
###.......## #.... ##..##'##..##
#####'##
'...#...#...##############.......
'...#...#...'.#.#...#.#.##.......
'...#...#...##.#{#B#.#.###.......
##..#####..##.#Y#Y#.#.#.##∩......
###.......####{#@#.#.#.###.......
# ##.....## #.#T#Y#.#.#.##.......
# ##...## #.s#.#.#.#..##....... #
##### #.#.#.#.#.#.##....... #
##.#.#.#.#.###....... #
#.#.#.#.#.#.##....... #
##.#.#.#.#[###....... #
#.#.#...#.#.##.......
#######################)##'######


You could see 3 dire elephants, an entropy weaver, a deep troll and a redback.


Message History

You block the lindwurm's attack.
The lindwurm claws you but does no damage.
The formless jellyfish barely misses you.
The formless jellyfish grabs you.
You stop ascending the stairs.
The formless jellyfish constricts you. 😕 HP[-8]
You take 8 damage, and now have 145/153 hp.
Unknown command.
Unknown command.
Unknown command.
Unknown command.
Unknown command.
Unknown command.
The formless jellyfish's grasp on you weakens, but your attempt to escape fails.
You block the redback's attack.
Electricity crackles from the ironbound thunderhulk's apparatus.
The bolt of lightning hits you! You resist.
You block the dire elephant's attack.
The dire elephant trunk-slaps you but does no damage.
You block the deep troll's attack.
The deep troll claws you but does no damage.
The deep troll claws you!
The formless jellyfish closely misses you.
The formless jellyfish constricts you. 😕 HP[-18]
You take 18 damage, and now have 127/153 hp.
Unknown command.
Unknown command.
You escape the formless jellyfish's grasp.
The dire elephant tramples you!!
You hold your ground!
The dire elephant misses you. The deep troll barely misses you.
You block the deep troll's attack. x2
You climb upwards.
There is a stone staircase leading down here. 😮 HP[-20]
You take 20 damage, and now have 107/153 hp.
You can't go up here!
Unknown command.
You puncture the dire elephant!
Lightning courses through the dire elephant!
You tail-slap the dire elephant, but do no damage. 😮 HP[+1]
You impale the dire elephant!! You block the dire elephant's attack.
The dire elephant trunk-slaps you but does no damage.
You block the dire elephant's attack. x2; The deep troll bites you!
The deep troll closely misses you.
The deep troll claws you but does no damage.
The dire elephant tramples you but does no damage.
The dire elephant trunk-slaps you but does no damage. 😮 HP[-17]
You take 17 damage, and now have 91/153 hp.
You completely miss the dire elephant. You block the dire elephant's attack.
The dire elephant barely misses you.
You block the dire elephant's attack. x2
The deep troll bites you but does no damage.
The deep troll barely misses you. The deep troll claws you.
The dire elephant tramples you but does no damage.
The dire elephant trunk-slaps you but does no damage. 😮 HP[-5]
You take 5 damage, and now have 86/153 hp.
You impale the dire elephant!!
The entropy weaver gestures at you while chanting.
The entropic weave corrodes you! You block the dire elephant's attack.
The dire elephant trunk-slaps you but does no damage.
You block the dire elephant's attack. The dire elephant closely misses you.
You block the deep troll's attack.
The deep troll claws you but does no damage.
The deep troll claws you. The dire elephant barely misses you.
The dire elephant trunk-slaps you but does no damage. 😮 HP[-1]
You take 1 damage, and now have 85/153 hp.
You hit the dire elephant but do no damage.
The entropy weaver points at you and mumbles some strange words.
The entropic weave corrodes you!
You impale the dire elephant!! The dire elephant tramples you!!
* * * LOW HITPOINT WARNING * * *
You hold your ground!
You block the dire elephant's attack. x3
The deep troll bites you!
* * * LOW HITPOINT WARNING * * *
The deep troll closely misses you. The deep troll claws you!
* * * LOW HITPOINT WARNING * * *
The dire elephant tramples you but does no damage.
The dire elephant trunk-slaps you!
* * * LOW HITPOINT WARNING * * *
The entropy weaver points at you and mumbles some strange words.
The entropic weave corrodes you!
You hit the dire elephant but do no damage.
Lightning courses through the dire elephant!
You tail-slap the dire elephant, but do no damage.
You block the dire elephant's attack. The dire elephant trunk-slaps you.
* * * LOW HITPOINT WARNING * * *
The deep troll misses you. The deep troll barely misses you.
The deep troll claws you.
* * * LOW HITPOINT WARNING * * *
The dire elephant tramples you!
* * * LOW HITPOINT WARNING * * *
You hold your ground!
The dire elephant trunk-slaps you.
* * * LOW HITPOINT WARNING * * *
The dire elephant tramples you!!
You die...

Skill      XL: |  1  2  3  4  5  6  7  8  9 10 11 12 13 14 15 16 17 18 |
---------------+-------------------------------------------------------+-----
Spellcasting   | 2 3 4 7 |  7.1
Poison Magic   | 3 4 5 7 8 |  8.0
Fighting       | 2 3 4 7 9 10 12 13 | 13.3
Conjurations   | 2 5 |  5.5
Air Magic      | 2 3 5 |  5.6
Evocations     | 3 5 6 |  6.5
Stealth        | 4 |  4.0
Maces & Flails | 5 7 12 13 14 17 18 | 18.0
Armour         | 4 6 9 12 | 12.0
Dodging        | 3 |  3.4
Ice Magic      | 4 |  4.8
Shields        | 8 14 | 14.0
Transmutations | |  0.8

Action                     |  1- 3 |  4- 6 |  7- 9 | 10-12 | 13-15 | 16-18 || total
---------------------------+-------+-------+-------+-------+-------+-------++-------
  Melee: Unarmed           |    12 |    13 |       |       |       |       ||    25
         Tailslap          |     5 |    11 |    24 |    42 |   185 |   191 ||   458
         Whip              |    24 |       |       |   188 |   848 |       ||  1060
         Short sword       |     1 |   156 |   233 |    42 |       |       ||   432
         Punch             |       |     1 |     2 |    10 |    13 |       ||    26
         Trident           |       |       |       |    23 |       |       ||    23
         Morningstar       |       |       |       |       |    79 |   806 ||   885
  Throw: Dart              |       |       |       |     2 |       |       ||     2
   Cast: Sting             |    70 |    25 |    36 |       |       |       ||   131
         Poisonous Vapours |     1 |    52 |    36 |     3 |       |       ||    92
         Olgreb's Toxic Ra |       |     1 |    33 |    68 |    92 |     9 ||   203
         Mephitic Cloud    |       |       |     7 |    11 |    21 |     3 ||    42
         Freezing Cloud    |       |       |       |       |    86 |    84 ||   170
 Invoke: Curse Item        |       |       |     1 |     1 |     6 |     4 ||    12
         Shatter the Chain |       |       |       |       |     2 |     1 ||     3
  Evoke: Wand              |       |       |    13 |    39 |     3 |    12 ||    67
         Tin of tremorston |       |       |       |     1 |     2 |     3 ||     6
    Use: Scroll            |       |     3 |     7 |     1 |     2 |     2 ||    15
         Potion            |       |     4 |     2 |     3 |     9 |     2 ||    20
   Stab: Sleeping          |       |     1 |     2 |     1 |     4 |    10 ||    18
         Distracted        |       |     1 |       |       |     3 |     2 ||     6
         Confused          |       |       |       |     3 |    17 |     2 ||    22
 Armour: Robe              |    27 |   109 |   198 |    75 |       |       ||   409
         Skin              |       |    54 |       |       |       |       ||    54
         Steam dragon scal |       |       |       |   155 |   360 |       ||   515
         Leather armour    |       |       |       |       |   119 |   558 ||   677
  Dodge: Dodged            |    25 |    64 |   118 |   115 |   323 |   267 ||   912
  Block: Buckler           |       |       |       |       |     9 |    49 ||    58
         Kite shield       |       |       |       |       |       |   467 ||   467

Levels and vault maps discovered:
D:1:      erik_arrival_blinker_ship, layout_loops_ring,
          minmay_misc_feat_ornament, chequers_serial_rivers_marsh
D:2:      layout_basic, serial_shops, nicolae_shop_industrial_runoff,
          grunt_ministairs_13
D:3:      layout_loops_ring, minmay_overflow_temple_star_quad
D:4:      minmay_chambers_of_twos, layout_basic, led_xom_imps,
          yredelemnul_altar_generic, st_stairs_9, minmay_rat_hole
D:5:      layout_cave_pods, mainiacjoe_overflow_brackets,
          minmay_misc_feat_columns, uniq_eustachio, uniq_crazy_yiuf_cottage,
          uniq_ijyb, uniq_grinder
D:6:      layout_cave_pools, uniq_duvessa
D:7:      layout_basic, temple_fountains, enter_bailey_4, uniq_joseph
D:8:      layout_basic, dpeg_oklobed_lair, uniq_erica
D:9:      layout_rooms, mainiacjoe_overflow_concentric_impassable
D:10:     layout_loops_cross, kennysheep_vampire_church, serial_ice,
          serial_ice_m, serial_ice_d, serial_ice_o, serial_ice_g,
          uniq_josephine, uniq_maggie, uniq_sonja, uniq_harold
D:11:     layout_basic, gammafunk_ghost_spectres, minmay_misc_feat_nine_boxes,
          hangedman_minor_magic
D:12:     layout_irregular_city, david_orc_4, nooodl_orcs_dogs
D:13:     layout_cave_pools, evilmike_minifort, uniq_rupert, uniq_urug,
          uniq_erolcha
D:14:     layout_long_grid, david_vaults_3, hellmonk_ghost_happy_afterlife,
          nicolae_tso_carved_into_rock, fountainhead,
          cheibrodos_ashenzari_chains
D:15:     gammafunk_depths_entry_grave, layout_loops_ring,
          serial_park_tiny_pond, corner_web_ring, serial_park_tiny_2
Temple:   jpeg_temple_clearing
Lair:1:   layout_cave_shapes, nicolae_lair_lil_pond, beast_lair_carwin_5,
          serial_bayou_shore_b, uniq_jeremiah
Lair:2:   gammafunk_worm_tunnel, layout_chaotic_city
Lair:3:   layout_gridlike, minmay_swamp_entry_worms,
          minmay_snake_entry_guardpost_medium, st_stairs_3, beast_lair_carwin_3,
          serial_bayou_shore_b
Lair:4:   layout_cellular_growth, portal_ice_cave_entry_pillars_2,
          grunt_megastairs_1, infiniplex_staircase_pool_2, serial_bayou_shore_b
Lair:5:   grunt_lair_end_beastmaster, layout_gridlike,
          minmay_slime_entry_pillars, infiniplex_staircase_pool
Swamp:1:  layout_falls_marsh, evilmike_swamp_ruin_rubble_1, swamp_pool_1_2,
          uniq_kirke
Swamp:2:  layout_basic_swamp, nicolae_swamp_round_clearing
Swamp:3:  layout_basic_swamp, evilmike_swamp_ruin_house_2
Swamp:4:  swamp_alternative, layout_basic_swamp,
          nicolae_swamp_decorative_isthmus, uniq_mlioglotl
Snake:1:  layout_misc_corridors, serial_bayou_shore_b, uniq_agnes
Snake:2:  layout_chambers, serial_shops, shop, basic_altar, lemuel_fruit_tree
Snake:3:  layout_onion, serial_shops, shop, uniq_louise
Snake:4:  hellmonk_snake_rune_quicksilver_temple, layout_chambers, serial_shops,
          shop_statue, gammafunk_ghost_wrathful_warriors, grunt_megastairs_4,
          uniq_aizul
Orc:1:    layout_diamond_mine, library_closet
Orc:2:    st_orc_elflike, layout_diamond_mine, basic_altar, serial_shops,
          nicolae_diamond_shop, shop, shop
Vaults:1: vaults_mumra_chevron_long, nicolae_vaults_layer_cake_slice, v_misc_15,
          nicolae_vaults_trapezoid_4, hangedman_vaults_stitches,
          nicolae_vaults_tetromino_L_1, nicolae_vaults_storage_closets_3,
          grunt_vaults_funnel, v_pattern_1, vaults_dpeg_hooks,
          nicolae_vaults_triangles, hangedman_vaults_nails,
          ontoclasm_vaults_twist, vaults_room_semicircle,
          layout_vaults_omnicross, serial_shops,
          nicolae_shop_pleasant_corner_grove, shop
Vaults:2: ontoclasm_vaults_decontamination, ontoclasm_vaults_pinch,
          blue_anna_dwarven_crypt, vaults_dpeg_spiral, v_misc_29,
          nicolae_vaults_door_testing_chamber, hangedman_vaults_stagger,
          nicolae_vaults_trapezoid_lopsided_1, nicolae_vaults_closet_pinwheel_6,
          ontoclasm_vaults_idyll, vaults_mumra_hex, layout_vaults_big_room,
          serial_shops, nicolae_shop_tiny_real_fake_doors, uniq_xtahua

Notes
Turn   | Place    | Note
-------+----------+-------------------------------------------
     0 | D:1      | MackTheKnife the Armataur Venom Mage began the quest for
                  | the Orb.
     0 | D:1      | Reached XP level 1. HP: 13/13 MP: 3/3
     0 | D:1      | magus.rc [v1.9.6]
   153 | D:1      | Reached skill level 2 in Spellcasting
   153 | D:1      | Reached skill level 3 in Poison Magic
   290 | D:1      | Reached XP level 2. HP: 19/19 MP: 0/5
   362 | D:1      | Learned a level 2 spell: Poisonous Vapours
  1380 | D:2      | Reached XP level 3. HP: 24/24 MP: 4/6
  1916 | D:2      | Found Hidarag's Distillery.
  1923 | D:2      | Bought a potion of curing for 39 gold pieces
  2431 | D:3      | Reached skill level 4 in Poison Magic
  2431 | D:3      | Reached XP level 4. HP: 25/30 MP: 3/7
  2522 | D:3      | Reached skill level 1 in Fighting
  2723 | D:3      | Found a sparkling altar of Nemelex Xobeh.
  2746 | D:3      | Found a blossoming altar of Fedhas.
  2749 | D:3      | Found a glowing golden altar of the Shining One.
  3398 | D:3      | Reached skill level 2 in Fighting
  3581 | D:3      | Reached XP level 5. HP: 38/38 MP: 3/8
  4079 | D:4      | Noticed a phantom
  4390 | D:4      | Found the +15 Maxwell's patent armour {-Cast -Tele rElec
                  | Will+ rCorr}
  4459 | D:4      | Learned a level 4 spell: Olgreb's Toxic Radiance
  4474 | D:4      | Noticed an ice beast
  4512 | D:4      | Noticed a phantom
  4726 | D:4      | Found a basalt altar of Yredelemnul.
  4746 | D:4      | Reached skill level 3 in Fighting
  5024 | D:4      | Noticed a phantom
  5142 | D:4      | Reached XP level 6. HP: 41/47 MP: 5/9
  5607 | D:4      | Found a shimmering altar of Xom.
  5817 | D:4      | Reached skill level 5 in Poison Magic
  5945 | D:5      | Entered Level 5 of the Dungeon
  5946 | D:5      | magus.rc [v1.9.6]
  5959 | D:5      | Noticed Eustachio
  6277 | D:5      | Killed Eustachio
  6278 | D:5      | Reached skill level 4 in Fighting
  6278 | D:5      | Gained mutation: You regenerate magic and health when
                  | rolling toward enemies. (Rampage Regen) [Armataur growth]
  6278 | D:5      | Reached XP level 7. HP: 54/54 MP: 2/10
  6385 | D:5      | Noticed Grinder
  6516 | D:4      | Reached skill level 6 in Poison Magic
  6888 | D:2      | Bought a potion of heal wounds for 65 gold pieces
  7335 | D:4      | Reached skill level 7 in Poison Magic
  7710 | D:5      | Reached skill level 3 in Spellcasting
  7919 | D:5      | Identified the amulet "Xuluirchu" {Reflect *Slow +Inv rF+++
                  | MP-9 SH+5}
  7957 | D:5      | Found a runed translucent door.
  7958 | D:5      | Noticed Crazy Yiuf
  8003 | D:5      | You pick up a book of Burglary and begin reading...
  8003 | D:5      | You add the spells Passwall, Ensorcelled Hibernation and
                  | Swiftness to your library.
  8027 | D:5      | Reached XP level 8. HP: 58/61 MP: 6/12
  8196 | D:5      | Found a snail-covered altar of Cheibriados.
  8212 | D:5      | Noticed Ijyb
  8222 | D:5      | Killed Ijyb
  8745 | D:5      | Reached skill level 5 in Fighting
  8952 | D:5      | HP: 15/62 [phantom (7)]
  9144 | D:6      | Reached skill level 4 in Spellcasting
  9244 | D:6      | Reached skill level 6 in Fighting
  9832 | D:6      | Noticed Dowan
  9933 | D:6      | Noticed Duvessa
  9939 | D:6      | Killed Dowan
  9940 | D:6      | Reached skill level 7 in Fighting
  9946 | D:6      | Killed Duvessa
 10353 | D:7      | You add the spells Gell's Gravitas, Teleport Other and
                  | Dispersal to your library.
 10371 | D:7      | Found a staircase to the Ecumenical Temple.
 10377 | Temple   | Entered the Ecumenical Temple
 10393 | Temple   | Became a worshipper of Ashenzari the Shackled
 10433 | D:7      | Found a flagged portal.
 10470 | Bailey   | Entered a bailey
 10614 | Bailey   | Learned a level 3 spell: Mephitic Cloud
 10708 | Bailey   | Reached XP level 9. HP: 69/72 MP: 2/15
 10856 | Bailey   | Reached skill level 1 in Conjurations
 10856 | Bailey   | Reached skill level 1 in Air Magic
 11133 | Bailey   | Reached skill level 2 in Conjurations
 11133 | Bailey   | Reached skill level 2 in Air Magic
 11157 | Bailey   | Reached skill level 8 in Fighting
 11157 | Bailey   | Reached skill level 1 in Evocations
 11611 | D:7      | Reached skill level 2 in Evocations
 11922 | D:7      | Noticed Joseph
 12095 | D:7      | Reached skill level 3 in Evocations
 12231 | D:7      | Reached skill level 3 in Stealth
 12513 | D:8      | Reached skill level 4 in Stealth
 12575 | D:8      | Reached skill level 9 in Fighting
 12604 | D:8      | Reached XP level 10. HP: 35/83 MP: 0/16
 12764 | D:8      | Found a staircase to the Lair.
 12859 | D:8      | Noticed Erica
 13229 | D:8      | Reached skill level 10 in Fighting
 13924 | D:9      | Reached skill level 3 in Air Magic
 14008 | D:9      | Reached * piety under Ashenzari
 14023 | D:9      | Reached skill level 8 in Poison Magic
 14025 | D:9      | Reached skill level 4 in Evocations
 14050 | D:8      | Reached skill level 5 in Evocations
 14176 | D:9      | Identified the +7 whip "Syxiac" {flame, Fly rElec rCorr
                  | Stlth-}
 14219 | D:9      | Found a shadowy altar of Dithmenos.
 14350 | D:9      | Reached skill level 1 in Maces & Flails
 14388 | D:9      | Reached skill level 2 in Maces & Flails
 14389 | D:9      | Reached skill level 3 in Maces & Flails
 14480 | D:9      | Reached skill level 4 in Maces & Flails
 14707 | D:10     | Entered Level 10 of the Dungeon
 14707 | D:10     | Noticed a death yak
 14799 | D:10     | Noticed a two-headed ogre
 14807 | D:10     | Noticed Harold
 14808 | D:10     | Killed a two-headed ogre
 14809 | D:10     | Reached skill level 5 in Maces & Flails
 14809 | D:10     | Reached XP level 11. HP: 90/90 MP: 2/17
 15153 | D:10     | You pick up a book of Burglary and begin reading...
 15157 | D:10     | Noticed Maggie
 15165 | D:10     | Killed Maggie
 15426 | D:10     | Killed a death yak
 15427 | D:10     | Reached skill level 6 in Maces & Flails
 15427 | D:10     | Reached skill level 2 in Armour
 15658 | D:10     | Noticed Sonja
 15665 | D:10     | Reached skill level 3 in Armour
 15669 | D:10     | Killed Sonja
 15670 | D:10     | Reached skill level 4 in Armour
 15765 | D:10     | Noticed Josephine
 15778 | D:10     | Killed Josephine
 15786 | D:10     | HP: 21/92 [wraith[Josephine] (8)]
 15952 | D:10     | Killed Harold
 15953 | D:10     | Reached skill level 11 in Fighting
 16055 | D:10     | Found an ancient bone altar of Kikubaaqudgha.
 16260 | Lair:1   | Entered Level 1 of the Lair of Beasts
 17040 | Lair:1   | Reached skill level 12 in Fighting
 17418 | Lair:1   | Noticed Jeremiah
 17432 | Lair:1   | Killed Jeremiah
 17433 | Lair:1   | Reached skill level 7 in Maces & Flails
 17433 | Lair:1   | Reached XP level 12. HP: 95/102 MP: 3/18
 17791 | D:2      | Bought a potion of experience for 650 gold pieces
 17791 | D:2      | Reached skill level 12 in Maces & Flails
 17791 | D:2      | Reached XP level 13. HP: 108/108 MP: 19/19
 17791 | D:2      | Reached XP level 14. HP: 115/115 MP: 20/20
 18398 | Lair:1   | Reached ** piety under Ashenzari
 18839 | Lair:2   | Found a transporter.
 19450 | Lair:2   | Found a transporter.
 19450 | Lair:2   | Identified the ring of Eternal Night {^Contam rC+ rCorr
                  | Str+2}
 20187 | Lair:3   | Found a staircase to the Swamp.
 20319 | Lair:3   | Reached skill level 5 in Armour
 20319 | Lair:3   | Reached skill level 2 in Dodging
 20762 | Lair:4   | Reached *** piety under Ashenzari
 20771 | Lair:4   | Found a frozen archway.
 20778 | IceCv    | Entered an ice cave
 20779 | IceCv    | Gained mutation: You have a somewhat thin skeletal
                  | structure. (Dex +2, Stealth+) [potion of mutation]
 20779 | IceCv    | Gained mutation: You are dopey. (Int -2) [potion of
                  | mutation]
 21174 | IceCv    | Reached skill level 6 in Armour
 21208 | IceCv    | Reached skill level 3 in Dodging
 21589 | IceCv    | Noticed a reaper
 21619 | IceCv    | Killed a reaper
 22082 | Lair:4   | Reached skill level 6 in Evocations
 22687 | Lair:4   | You pick up a book of Vapours and begin reading...
 22694 | Lair:4   | Learned a level 5 spell: Freezing Cloud
 22697 | Lair:4   | Reached **** piety under Ashenzari
 23213 | Lair:3   | Reached skill level 3 in Conjurations
 23280 | Lair:3   | Found a staircase to the Snake Pit.
 23574 | Lair:5   | Entered Level 5 of the Lair of Beasts
 23587 | Lair:4   | Reached skill level 1 in Ice Magic
 23897 | Lair:5   | Reached skill level 2 in Ice Magic
 24082 | Lair:5   | Reached skill level 4 in Air Magic
 24084 | Lair:5   | Reached skill level 4 in Conjurations
 24280 | Lair:5   | Reached skill level 3 in Ice Magic
 24417 | Lair:5   | Found a staircase to the Slime Pits.
 24418 | Lair:5   | Found a viscous altar of Jiyva.
 24805 | Lair:5   | Reached skill level 5 in Air Magic
 24901 | Lair:5   | Reached skill level 5 in Conjurations
 24917 | Lair:5   | Reached skill level 4 in Ice Magic
 24923 | Lair:5   | Reached XP level 15. HP: 55/129 MP: 2/25
 25144 | Lair:5   | Identified the +1 rapier of the End of Times {vamp, rElec
                  | rC- Int-2 Dex+5}
 26180 | D:11     | You pick up a book of Spatial Translocations and begin
                  | reading...
 26180 | D:11     | You add the spells Blink, Momentum Strike and Lesser
                  | Beckoning to your library.
 26354 | D:11     | Reached skill level 5 in Spellcasting
 26457 | D:11     | Identified the +0 hat "Jijyor Suyt" {^Drain Will++}
 26461 | D:11     | You pick up a book of Minor Magic and begin reading...
 26461 | D:11     | You add the spells Magic Dart and Call Imp to your library.
 26463 | D:11     | You pick up a book of Minor Magic and begin reading...
 26649 | D:11     | Found a runed translucent gate.
 26649 | D:11     | Found a runed translucent gate.
 26649 | D:11     | Found a runed translucent gate.
 26651 | D:11     | Noticed bumbalina's ghost (journeyman OpSh)
 26978 | D:12     | Identified +0 pearl dragon scales
 26984 | D:12     | j - +0 pearl dragon scales {rare=g}
 27192 | D:12     | Reached skill level 6 in Spellcasting
 27849 | D:12     | Reached skill level 7 in Spellcasting
 28106 | D:12     | Found a staircase to the Orcish Mines.
 28118 | Orc:1    | Entered Level 1 of the Orcish Mines
 28436 | Orc:1    | Reached skill level 1 in Shields
 28485 | Orc:1    | Reached skill level 2 in Shields
 28699 | Orc:1    | You add the spells Summon Forest, Eringya's Noxious Bog and
                  | Summon Hydra to your library.
 28736 | Orc:2    | Entered Level 2 of the Orcish Mines
 28764 | Orc:2    | Reached skill level 3 in Shields
 28934 | Orc:2    | Found a staircase to the Elven Halls.
 29055 | Orc:2    | Found Xudoj's Assorted Antiques.
 29191 | Orc:2    | Bought an emerald ring for 165 gold pieces
 29197 | Orc:2    | Found Nediofei's General Store.
 29294 | Orc:2    | Found Ficeni's Weapon Shoppe.
 29782 | Orc:2    | Reached skill level 4 in Shields
 30423 | Orc:2    | Reached skill level 5 in Shields
 30526 | Orc:2    | Found Temeo's Distillery.
 30526 | Orc:2    | Found Kugih's General Store.
 30527 | Orc:2    | Found Haodiri's Armour Shoppe.
 30533 | Orc:2    | Found Heagut's Magic Scroll Shoppe.
 30629 | Orc:2    | Bought a potion of heal wounds for 70 gold pieces
 30712 | Orc:2    | Bought the +10 morningstar "Eos" {elec, Halo rElec} for 814
                  | gold pieces
 30712 | Orc:2    | Found the +10 morningstar "Eos" {elec, Halo rElec, mace}
 31148 | D:13     | Reached skill level 13 in Maces & Flails
 31192 | D:13     | Reached skill level 6 in Shields
 31402 | D:13     | Noticed Rupert
 31412 | D:13     | Killed Rupert
 31429 | D:13     | Noticed Erolcha
 31439 | D:13     | Killed Erolcha
 32013 | D:13     | Reached skill level 7 in Shields
 32063 | D:13     | Noticed Urug
 32069 | D:13     | Killed Urug
 32379 | D:14     | Noticed Nessos
 32379 | D:14     | Found a gate to the Vaults.
 32623 | D:14     | Reached skill level 8 in Shields
 32663 | D:14     | Found a glowing golden altar of the Shining One.
 32767 | D:14     | Noticed MirrMurr's ghost (journeyman SpHu)
 32778 | D:14     | Reached XP level 16. HP: 99/134 MP: 14/29
 32781 | D:14     | Found a runed translucent door.
 33170 | D:14     | Killed Nessos
 33171 | D:14     | Reached skill level 14 in Maces & Flails
 33180 | D:14     | Reached skill level 9 in Shields
 33599 | D:14     | Reached skill level 10 in Shields
 33644 | D:14     | Found a broken altar of Ashenzari.
 34099 | D:15     | Entered Level 15 of the Dungeon
 34124 | D:15     | You drop +0 pearl dragon scales {rare=g}.
 34131 | D:15     | l - +0 pearl dragon scales {rare=g}
 34202 | D:15     | You add the spells Ozocubu's Armour and Ozocubu's
                  | Refrigeration to your library.
 34378 | D:15     | Found a staircase to the Depths.
 34394 | D:15     | Reached skill level 11 in Shields
 34707 | D:15     | You pick up a book of Scorching and begin reading...
 34707 | D:15     | You add the spells Scorch, Flame Wave and Summon Cactus
                  | Giant to your library.
 34949 | D:15     | Reached skill level 12 in Shields
 35333 | Lair:3   | Upgraded the game from 0.31-a0-1265-gaa4636e842 to
                  | 0.31-a0-1278-g11c5b68f87
 35333 | Lair:3   | magus.rc [v1.9.6]
 35347 | Swamp:1  | Entered Level 1 of the Swamp
 35425 | Swamp:2  | Reached skill level 13 in Shields
 35680 | Swamp:4  | Entered Level 4 of the Swamp
 35729 | Swamp:4  | Reached skill level 14 in Shields
 35730 | Swamp:4  | Reached skill level 7 in Armour
 35735 | Swamp:4  | HP: 31/136 [spore (14)]
 35739 | Swamp:4  | Noticed Mlioglotl
 35999 | Swamp:4  | Noticed a tentacled starspawn
 36002 | Swamp:4  | Killed Mlioglotl
 36003 | Swamp:4  | Reached skill level 8 in Armour
 36204 | Swamp:4  | Noticed the 27-headed Lernaean hydra
 36209 | Swamp:4  | Reached skill level 9 in Armour
 36219 | Swamp:4  | Killed the 27-headed Lernaean hydra
 36220 | Swamp:4  | Reached XP level 17. HP: 82/142 MP: 8/30
 36221 | Swamp:4  | Reached skill level 10 in Armour
 36681 | Swamp:4  | Reached skill level 11 in Armour
 36752 | Swamp:4  | Got a decaying rune of Zot
 36755 | Swamp:4  | Got a mossy gem
 36886 | Swamp:4  | Reached skill level 12 in Armour
 37115 | Swamp:3  | You pick up a book of Displacement and begin reading...
 37154 | Swamp:3  | HP: 33/142 [poisoned by a fenstrider witch]
 37159 | Swamp:3  | HP: 35/142 [poisoned by a fenstrider witch]
 37399 | Swamp:2  | Identified the +0 plate armour of the Bells {Str+3}
 37577 | Swamp:1  | HP: 33/142 [eleionoma/spray of wooden splinters (21)]
 37582 | Swamp:1  | Reached skill level 15 in Maces & Flails
 37893 | Snake:1  | Entered Level 1 of the Snake Pit
 37897 | Snake:1  | magus.rc [v1.9.6]
 38041 | Snake:4  | Entered Level 4 of the Snake Pit
 38089 | Snake:4  | Found a transporter.
 38090 | Snake:4  | Found a transporter.
 38091 | Snake:4  | Identified the +1 helmet of Calculation {Harm rElec Int-5}
 38092 | Snake:4  | Found a bloodstained altar of Trog.
 38101 | Snake:4  | Noticed Vuarud's ghost (journeyman FeSu)
 38126 | Snake:4  | magus.rc [v1.9.6]
 38196 | Snake:4  | Found Quclibih's Magic Scroll Shoppe.
 38201 | Snake:4  | Bought a scroll of enchant armour for 97 gold pieces
 38367 | Snake:4  | Identified the serpent talisman of Jigsaw {rF+ rCorr Str-2
                  | Int+4}
 38367 | Snake:4  | Noticed Aizul
 38384 | Snake:4  | Killed Aizul
 38430 | Snake:4  | magus.rc [v1.9.6]
 38660 | Snake:4  | Noticed a quicksilver dragon
 38661 | Snake:4  | Reached skill level 16 in Maces & Flails
 38666 | Snake:4  | Killed a quicksilver dragon
 38685 | Snake:4  | quicksilver dragon scales {rare}; a quicksilver dragon
                  | corpse
 38686 | Snake:4  | R - quicksilver dragon scales {rare}
 38712 | Snake:4  | Got a serpentine rune of Zot
 38713 | Snake:4  | Got a jade gem
 39199 | Snake:3  | Noticed Louise
 39211 | Snake:3  | Killed Louise
 39238 | Snake:3  | Found Egoezxu's Magic Scroll Emporium.
 39252 | Snake:3  | Reached ***** piety under Ashenzari
 39343 | Snake:3  | Reached skill level 17 in Maces & Flails
 39418 | Snake:2  | Reached XP level 18. HP: 144/151 MP: 32/32
 39470 | Snake:2  | Found a sacrificial altar of Ru.
 39627 | Snake:1  | Noticed Agnes
 39633 | Snake:1  | Killed Agnes
 39919 | Vaults:1 | Entered Level 1 of the Vaults
 40271 | Vaults:1 | Found Elocuk's General Store.
 40467 | Vaults:1 | Reached skill level 18 in Maces & Flails
 40573 | Vaults:1 | Reached skill level 13 in Fighting
 40668 | Vaults:1 | Found Vudghexzy's Distillery.
 41214 | Vaults:1 | HP: 36/153 [deep troll[an ironbound preserver] (12)]
 41215 | Vaults:1 | HP: 15/153 [dire elephant (7)]
 41215 | Vaults:1 | Demolished by a dire elephant

Vanquished Creatures
  the Lernaean hydra (Swamp:4)
  Rupert (D:13)
  Mlioglotl (Swamp:4)
  A quicksilver dragon (Snake:4)
  Aizul (Snake:4)
  Agnes (Snake:1)
  A nagaraja (Snake:4)
  3 fenstrider witches
  4 vault wardens (Vaults:1)
  Louise (Snake:3)
  3 ironbound preservers (Vaults:1)
  A reaper (IceCv)
  Nessos (D:14)
  2 ironbound thunderhulks (Vaults:1)
  3 eleionomae
  3 bunyips
  An entropy weaver (Vaults:1)
  An ettin (Orc:2)
  Josephine (D:10)
  A salamander tyrant (Snake:4)
  A yaktaur captain (Vaults:1)
  3 vault guards (Vaults:1)
  18 hydras
  A shambling mangrove (Swamp:4)
  Harold (D:10)
  Erolcha (D:13)
  A rakshasa (D:14)
  A sphinx zombie (D:15)
  4 anacondas
  6 boulder beetles
  A ghost crab (Swamp:4)
  3 catoblepae
  An ironbound frostheart (Vaults:1)
  4 death yaks
  5 two-headed ogres
  7 alligators
  A tengu warrior (D:14)
  8 centaur warriors
  5 naga sharpshooters
  5 naga warriors
  A vampire mage (D:15)
  8 shock serpents
  3 orc high priests (Orc:2)
  Urug (D:13)
  Sonja (D:10)
  2 skysharks
  8 skeletal warriors
  A death drake (shapeshifter) (D:13)
  4 deep trolls (Vaults:1)
  5 goliath frogs
  A salamander mystic (Snake:3)
  6 spriggan druids
  4 bog bodies
  3 naga ritualists
  2 arcanists (Vaults:1)
  3 ironbound convokers (Vaults:1)
  A lindwurm (Lair:5)
  5 deep elf pyromancers
  13 swamp dragons
  2 necromancers
  9 orc knights
  4 ugly things
  5 orc sorcerers (Orc:2)
  A mana viper (Snake:4)
  2 will-o-the-wisps
  A wolf spider (D:14)
  3 cyclopes
  A manticore (D:13)
  8 salamanders
  2 vault sentinels (Vaults:1)
  4 kobold blastminers
  26 black mambas
  5 guardian serpents
  12 elephants
  A gargoyle (D:12)
  5 naga magi
  7 cane toads
  2 ice statues (IceCv)
  A torpor snail (Lair:1)
  5 rime drakes
  A yaktaur (Vaults:1)
  Maggie (D:10)
  Jeremiah (Lair:1)
  4 komodo dragons
  A freezing wraith (IceCv)
  4 ice devils (IceCv)
  3 tengu conjurers
  A meliai (D:13)
  3 polar bears
  3 trolls
  11 tyrant leeches
  12 blink frogs
  A dream sheep (Lair:3)
  4 hornets
  3 centaur simulacra (D:10)
  16 slime creatures
  2 spriggans (Swamp:2)
  A spriggan skeleton (D:15)
  5 wyverns
  Eustachio (D:5)
  A hog (Swamp:1)
  6 wraiths
  A vampire (D:12)
  51 yaks
  6 basilisks
  16 humans
  10 wargs
  13 vampire mosquitoes
  2 steam dragons
  3 death yak simulacra (IceCv)
  17 swamp worms
  A redback simulacrum (D:15)
  An acid dragon (shapeshifter) (D:13)
  17 nagas
  2 acid dragons
  14 water moccasins
  Duvessa (D:6)
  2 glowing shapeshifter skeletons (Vaults:1)
  7 swamp drakes
  8 black bears
  A sky beast (D:5)
  3 ice beasts
  4 ogres
  22 orc warriors
  20 wolves
  7 centaurs
  5 phantoms
  2 kobold brigands
  A human zombie (Vaults:1)
  13 bullfrogs
  A gnoll sergeant (D:8)
  3 scorpions
  4 two-headed ogre simulacra (IceCv)
  11 wights
  Dowan (D:6)
  An elephant simulacrum (IceCv)
  2 vampire bats (D:10)
  4 electric eels
  2 howler monkeys
  4 crimson imps
  17 orc priests
  4 jellies
  3 hounds
  An iron imp (D:11)
  Ijyb (D:5)
  An iguana (D:4)
  2 troll simulacra (IceCv)
  32 orc wizards
  2 polar bear simulacra (IceCv)
  2 wolf simulacra (IceCv)
  13 gnolls
  4 adders
  A shadow imp (D:11)
  6 white imps
  A howler monkey simulacrum (D:10)
  5 ufetubi
  6 worms
  6 dart slugs
  58 orcs
  5 bats
  2 bat skeletons (D:10)
  4 bat zombies (D:10)
  11 endoplasms
  5 giant cockroaches
  11 goblins
  9 hobgoblins
  2 jackals (D:1)
  29 kobolds
  4 quokkas
  11 ball pythons
  2 frilled lizards (D:2)
  23 rats
938 creatures vanquished.

Vanquished Creatures (collateral kills)
  2 orc wizards (D:7)
2 creatures vanquished.

Vanquished Creatures (others)
  A naga sharpshooter (Snake:4)
  A deep elf zephyrmancer (D:11)
  4 bloated husks
  A hornet (Swamp:4)
  2 spriggans (Swamp:4)
  An orc wizard (D:11)
  6 foxfires (Swamp:4)
  2 starspawn tentacles (Swamp:4)
18 creatures vanquished.

Grand Total: 958 creatures vanquished

Table legend:
 A = Non-vault XP
 B = Vault XP
 C = Vault XP percentage of total XP
 D = Non-vault monster count
 E = Vault monster count
 F = Vault count percentage of total count
                 A         B        C        D         E       F
            +---------+---------+-------+---------+---------+-------
      Total |  162378 |  117038 |  41.9 |     593 |     356 |  37.5
            +---------+---------+-------+---------+---------+-------
        D:1 |      27 |       0 |   0.0 |      15 |       0 |   0.0
        D:2 |      49 |       6 |  10.9 |      25 |       2 |   7.4
        D:3 |     173 |       0 |   0.0 |      24 |       0 |   0.0
        D:4 |     471 |     356 |  43.0 |      28 |      31 |  52.5
        D:5 |     615 |     253 |  29.1 |       8 |       2 |  20.0
        D:6 |     599 |     211 |  26.0 |      13 |       2 |  13.3
        D:7 |     552 |      11 |   2.0 |      14 |       5 |  26.3
        D:8 |    3505 |       0 |   0.0 |      28 |       0 |   0.0
        D:9 |    3417 |       0 |   0.0 |      33 |       0 |   0.0
       D:10 |    1040 |    6061 |  85.4 |       7 |      28 |  80.0
       D:11 |    2931 |    1372 |  31.9 |      18 |      17 |  48.6
       D:12 |    4146 |    3687 |  47.1 |      20 |      24 |  54.5
       D:13 |    5723 |   12995 |  69.4 |      18 |      24 |  57.1
       D:14 |   10476 |    5335 |  33.7 |      19 |      17 |  47.2
       D:15 |   10100 |    4927 |  32.8 |      19 |       8 |  29.6
     Lair:1 |    4169 |    1023 |  19.7 |      19 |       7 |  26.9
     Lair:2 |    5079 |     116 |   2.2 |      23 |       1 |   4.2
     Lair:3 |    2287 |    2567 |  52.9 |       6 |      16 |  72.7
     Lair:4 |    5407 |     596 |   9.9 |      18 |       3 |  14.3
     Lair:5 |   10917 |    7386 |  40.4 |      36 |      20 |  35.7
    Swamp:1 |    7384 |     214 |   2.8 |      15 |       1 |   6.2
    Swamp:2 |    8313 |       0 |   0.0 |      15 |       0 |   0.0
    Swamp:3 |   13682 |       0 |   0.0 |      22 |       0 |   0.0
    Swamp:4 |   14663 |   21111 |  59.0 |      30 |      28 |  48.3
    Snake:1 |    6893 |    1407 |  17.0 |      13 |       1 |   7.1
    Snake:2 |    5193 |       0 |   0.0 |      11 |       0 |   0.0
    Snake:3 |   12229 |    1204 |   9.0 |      24 |       1 |   4.0
    Snake:4 |    9551 |   14849 |  60.9 |      18 |      21 |  53.8
      Orc:1 |    2137 |       0 |   0.0 |      11 |       0 |   0.0
      Orc:2 |    3290 |    8588 |  72.3 |      31 |      23 |  42.6
   Vaults:1 |    7360 |   16982 |  69.8 |      12 |      19 |  61.3
     Bailey |       0 |     963 | 100.0 |       0 |      27 | 100.0
      IceCv |       0 |    4818 | 100.0 |       0 |      28 | 100.0
            +---------+---------+-------+---------+---------+-------

Skill      XL: |  1  2  3  4  5  6  7  8  9 10 11 12 13 14 15 16 17 18 |
---------------+-------------------------------------------------------+-----
Spellcasting   | 2 3 4 7 |  7.1
Poison Magic   | 3 4 5 7 8 |  8.0
Fighting       | 2 3 4 7 9 10 12 13 | 13.3
Conjurations   | 2 5 |  5.5
Air Magic      | 2 3 5 |  5.6
Evocations     | 3 5 6 |  6.5
Stealth        | 4 |  4.0
Maces & Flails | 5 7 12 13 14 17 18 | 18.0
Armour         | 4 6 9 12 | 12.0
Dodging        | 3 |  3.4
Ice Magic      | 4 |  4.8
Shields        | 8 14 | 14.0
Transmutations | |  0.8

Action                     |  1- 3 |  4- 6 |  7- 9 | 10-12 | 13-15 | 16-18 || total
---------------------------+-------+-------+-------+-------+-------+-------++-------
  Melee: Unarmed           |    12 |    13 |       |       |       |       ||    25
         Tailslap          |     5 |    11 |    24 |    42 |   185 |   191 ||   458
         Whip              |    24 |       |       |   188 |   848 |       ||  1060
         Short sword       |     1 |   156 |   233 |    42 |       |       ||   432
         Punch             |       |     1 |     2 |    10 |    13 |       ||    26
         Trident           |       |       |       |    23 |       |       ||    23
         Morningstar       |       |       |       |       |    79 |   806 ||   885
  Throw: Dart              |       |       |       |     2 |       |       ||     2
   Cast: Sting             |    70 |    25 |    36 |       |       |       ||   131
         Poisonous Vapours |     1 |    52 |    36 |     3 |       |       ||    92
         Olgreb's Toxic Ra |       |     1 |    33 |    68 |    92 |     9 ||   203
         Mephitic Cloud    |       |       |     7 |    11 |    21 |     3 ||    42
         Freezing Cloud    |       |       |       |       |    86 |    84 ||   170
 Invoke: Curse Item        |       |       |     1 |     1 |     6 |     4 ||    12
         Shatter the Chain |       |       |       |       |     2 |     1 ||     3
  Evoke: Wand              |       |       |    13 |    39 |     3 |    12 ||    67
         Tin of tremorston |       |       |       |     1 |     2 |     3 ||     6
    Use: Scroll            |       |     3 |     7 |     1 |     2 |     2 ||    15
         Potion            |       |     4 |     2 |     3 |     9 |     2 ||    20
   Stab: Sleeping          |       |     1 |     2 |     1 |     4 |    10 ||    18
         Distracted        |       |     1 |       |       |     3 |     2 ||     6
         Confused          |       |       |       |     3 |    17 |     2 ||    22
 Armour: Robe              |    27 |   109 |   198 |    75 |       |       ||   409
         Skin              |       |    54 |       |       |       |       ||    54
         Steam dragon scal |       |       |       |   155 |   360 |       ||   515
         Leather armour    |       |       |       |       |   119 |   558 ||   677
  Dodge: Dodged            |    25 |    64 |   118 |   115 |   323 |   267 ||   912
  Block: Buckler           |       |       |       |       |     9 |    49 ||    58
         Kite shield       |       |       |       |       |       |   467 ||   467

Illustrated notes

Table legend:
 A = Kills in this place as a percentage of kills in the entire game.
 B = Kills by you in this place as a percentage of kills by you in the entire game.
 C = Kills by friends in this place as a percentage of kills by friends in the entire game.
 D = Other kills in this place as a percentage of other kills in the entire game.
 E = Experience gained in this place as a percentage of experience gained in the entire game.
 F = Experience gained in this place divided by the number of levels of this place that you have seen.
                   A       B       C       D       E      F
               +-------+-------+-------+-------+-------+----------------------
         Total | 100.0 | 100.0 | 100.0 | 100.0 | 100.0 | 7983.3
       Dungeon |  47.3 |  47.5 | 100.0 |  35.0 |  28.3 | 5269.2
          Lair |  15.7 |  16.0 |   0.0 |   5.0 |  14.2 | 7909.4
         Swamp |  11.7 |  11.3 |   0.0 |  30.0 |  23.4 | 16341.8
     Snake Pit |   9.4 |   9.5 |   0.0 |   5.0 |  18.4 | 12831.5
  Orcish Mines |   6.8 |   7.0 |   0.0 |   0.0 |   5.0 | 7007.5
        Vaults |   3.3 |   3.3 |   0.0 |   0.0 |   8.7 | 12171.0
        Bailey |   2.8 |   2.4 |   0.0 |  25.0 |   0.3 | 963.0
      Ice Cave |   3.0 |   3.0 |   0.0 |   0.0 |   1.7 | 4818.0
               +-------+-------+-------+-------+-------+----------------------

Table legend: (Time is in decaauts)
 A = Elapsed time spent in this place.
 B = Non-inter-level travel time spent in this place.
 C = Inter-level travel time spent in this place.
 D = Time resting spent in this place.
 E = Time spent auto-exploring this place.
 F = Levels seen in this place.
 G = Mean time per level.
                   A        B        C        D        E       F      G
               +--------+--------+--------+--------+--------+-----+--------+
         Total |  40663 |  37733 |   2930 |  10679 |  17861 |  35 | 1161.8 |
       Dungeon |  22402 |  20403 |   1999 |   5127 |  10650 |  15 | 1493.5 |
        Temple |     32 |      1 |     31 |      0 |      0 |   1 |   32.0 |
          Lair |   8158 |   7702 |    456 |   2153 |   4397 |   5 | 1631.6 |
         Swamp |   2237 |   2118 |    119 |   1078 |    164 |   4 |  559.2 |
     Snake Pit |   1748 |   1641 |    107 |    437 |     30 |   4 |  437.0 |
  Orcish Mines |   2660 |   2480 |    180 |    799 |   1286 |   2 | 1330.0 |
        Vaults |   1271 |   1235 |     36 |     14 |   1040 |   2 |  635.5 |
        Bailey |   1114 |   1114 |      0 |    550 |    219 |   1 | 1114.0 |
      Ice Cave |   1037 |   1037 |      0 |    521 |     75 |   1 | 1037.0 |
               +--------+--------+--------+--------+--------+-----+--------+

Top non-repeatable levels by time:
     D:4: 3068 daAuts
     D:8: 1991 daAuts
     D:3: 1962 daAuts
   Orc:2: 1923 daAuts
     D:5: 1919 daAuts
  Lair:5: 1862 daAuts
  Lair:3: 1816 daAuts
  Lair:4: 1653 daAuts
    D:13: 1639 daAuts
  Lair:1: 1598 daAuts
     D:2: 1558 daAuts
    D:14: 1433 daAuts
    D:12: 1432 daAuts
    D:10: 1381 daAuts
 Swamp:3: 1376 daAuts
